 Dungeon Crawl Stone Soup version 0.26.1-11-gd32895ea62 (webtiles) character file.

Game seed: 10636231578484989619

389850 ABBCCCDDDD the Wrestler (level 23, -2/220 HPs)
             Began as a Ghoul Necromancer on July 25, 2021.
             Was a High Priest of Okawaru.
             Shot with a bolt by a yaktaur captain (14 damage)
             ... on level 5 of the Depths on July 26, 2021.
             The game lasted 02:35:51 (67240 turns).

ABBCCCDDDD the Wrestler (Ghoul Necromancer)        Turns: 67240, Time: 02:35:52

Health: -2/220     AC: 14    Str: 22    XL:     23   Next: 7%
Magic:  28/29      EV: 15    Int: 13    God:    Okawaru [*****.]
Gold:   1540       SH: 16    Dex: 13    Spells: 22/25 levels left

rFire    + + .     SeeInvis +     - Unarmed
rCold    + + .     Faith    .   B - +0 kite shield {reflect}
rNeg     + + +     Spirit   .   f - +2 plate armour of Exclusion {Harm +Fly rF++ Int+2}
rPois    ∞         Reflect  +   O - +1 hat {SInv}
rElec    +         Harm     +   b - scarf {repulsion}
rCorr    .         Rampage  .   J - +0 pair of gloves
Will     +....                  L - +2 pair of boots "Ofaire" {Regen+ Str+2}
Stlth    ..........             R - amulet "Lirurghu" {RegenMP Fragile rElec Dex+3 Slay+4}
HPRegen  0.00/turn              j - ring of protection from cold
MPRegen  0.46/turn              N - +4 ring of protection

@: about to teleport, heroism, finesse, corroded, repel missiles
A: claws 1, cold resistance 1, negative energy resistance 3, inhibited
regeneration, torment resistance, unbreathing
}: 2/15 runes: serpentine, barnacled
a: Renounce Religion, Evoke Flight, Heroism, Finesse


You were on level 5 of the Depths.
You worshipped Okawaru.
Okawaru was extremely pleased with you.
You visited 6 branches of the dungeon, and saw 36 of its levels.
You visited 1 bazaar.
You also visited: Ice Cave and Volcano.

You collected 6573 gold pieces.
You spent 5033 gold pieces at shops.

Inventory:

Missiles
 c - 16 javelins (quivered)
 D - 10 throwing nets
 G - 24 silver boomerangs
Armour
 b - a scarf of repulsion (worn)
 f - the +2 plate armour of Exclusion (worn) {Harm +Fly rF++ Int+2}
   (Okawaru gifted it to you on level 2 of the Depths)

   It affects your intelligence (+2).
   It greatly protects you from fire.
   It lets you fly.
   It increases damage dealt and taken.
 x - the +0 hat of the Snail {Regen+ Dex+2}
   (Okawaru gifted it to you on level 2 of the Depths)

   It affects your dexterity (+2).
   It increases your rate of regeneration.
 B - a +0 kite shield of reflection (worn)
 J - a +0 pair of gloves (worn)
 L - the +2 pair of boots "Ofaire" (worn) {Regen+ Str+2}
   (You acquired it on level 3 of the Shoals)

   It affects your strength (+2).
   It increases your rate of regeneration.
 O - a +1 hat of see invisible (worn)
 P - the +0 pair of gloves "Zuworgh" {+Inv rCorr Int+3 Dex-2}
   (You acquired it on level 12 of the Dungeon)

   It affects your intelligence (+3).
   It affects your dexterity (-2).
   It lets you turn invisible.
   It provides partial protection from all sources of acid and corrosion.
Jewellery
 j - a ring of protection from cold (left hand)
 q - a +4 ring of evasion
 F - the ring "Unlatat" {Fire Slay+3}
   (You found it on level 4 of the Depths)

   [ring of fire]

   It enhances your fire magic.
   It affects your accuracy and damage with ranged weapons and melee attacks
   (+3).
   It protects you from fire.
   It makes you vulnerable to cold.
 N - a +4 ring of protection (right hand)
 R - the amulet "Lirurghu" (around neck) {RegenMP Fragile rElec Dex+3 Slay+4}
   (You acquired it on level 2 of the Orcish Mines)

   [amulet of magic regeneration]

   It increases your magic regeneration.
   It affects your dexterity (+3).
   It affects your accuracy and damage with ranged weapons and melee attacks
   (+4).
   It insulates you from electricity.
   It will be destroyed if unequipped.
Wands
 a - a wand of flame (18)
 u - a wand of disintegration (28)
 C - a wand of digging (3)
 Q - a wand of paralysis (8)
 T - a wand of acid (27)
 X - a wand of iceblast (8)
Scrolls
 d - 10 scrolls of teleportation
 e - 11 scrolls of remove curse
 i - 10 scrolls of immolation
 k - 4 scrolls of fog
 l - 13 scrolls of enchant armour
 p - 5 scrolls of fear
 t - 4 scrolls of magic mapping
 y - 4 scrolls of blinking
 z - a scroll of enchant weapon
 E - 11 scrolls of identify
 M - 2 scrolls of silence
 W - 2 scrolls of torment
 Y - 4 scrolls of holy word
Potions
 g - 12 potions of ambrosia
 h - 8 potions of flight
 m - 2 potions of resistance
 r - 5 potions of might
 s - 11 potions of brilliance
 v - a potion of invisibility
 w - 4 potions of attraction
 A - 24 potions of curing
 I - a potion of magic
 K - 12 potions of heal wounds
 S - 2 potions of cancellation
 V - 5 potions of haste
Miscellaneous
 n - a tin of tremorstones (2/2)
 o - a box of beasts (inert)
 H - a lightning rod (1/4)
 U - a phantom mirror (inert)
 Z - a phial of floods


   Skills:
 + Level 21.3(26.3) Fighting
 - Level 12.0(17.0) Armour
 - Level 12.0(17.0) Dodging
 - Level 4.0(9.0) Stealth
 - Level 15.0(20.0) Shields
 - Level 22.2(27) Unarmed Combat
 - Level 1.7 Spellcasting
 - Level 4.2 Necromancy
 - Level 10.0 Invocations
 - Level 12.0 Evocations


You had 22 spell levels left.
You knew the following spells:

 Your Spells              Type           Power        Failure   Level
a - Pain                  Necr           48%          36%         1
b - Blink                 Tloc           N/A          97%         2

Your spell library contained the following spells:

 Spells                   Type           Power        Failure   Level
 Animate Skeleton         Necr           24%          36%         1
 Vampiric Draining        Necr           6%           73%         3
 Corpse Rot               Necr/Air       N/A          80%         2
 Apportation              Tloc           2%           91%         1
 Corona                   Hex            1%           91%         1
 Foxfire                  Conj/Fire      4%           91%         1
 Freeze                   Ice            4%           91%         1
 Magic Dart               Conj           4%           91%         1
 Shock                    Conj/Air       4%           91%         1
 Sting                    Tmut/Pois      4%           91%         1
 Summon Small Mammal      Summ           4%           91%         1
 Call Imp                 Summ           1%           97%         2
 Poisonous Vapours        Pois/Air       2%           97%         2
 Slow                     Hex            1%           97%         2
 Swiftness                Air            1%           97%         2
 Animate Dead             Necr           6%           98%         4
 Dispel Undead            Necr           12%          98%         4
 Confusing Touch          Hex            1%           99%         3
 Conjure Flame            Conj/Fire      1%           99%         3
 Frozen Ramparts          Ice            2%           99%         3
 Gell's Gravitas          Tloc           0%           99%         3
 Ignite Poison            Fire/Tmut/Pois 1%           99%         3
 Inner Flame              Hex/Fire       1%           99%         3
 Mephitic Cloud           Conj/Pois/Air  1%           99%         3
 Ozocubu's Armour         Ice            1%           99%         3
 Static Discharge         Conj/Air       1%           99%         3
 Airstrike                Air            0%           100%        4
 Cause Fear               Hex            0%           100%        4
 Hailstorm                Conj/Ice       1%           100%        4
 Olgreb's Toxic Radiance  Pois           1%           100%        4
 Petrify                  Tmut/Erth      1%           100%        4
 Sticky Flame             Conj/Fire      1%           100%        4
 Summon Ice Beast         Ice/Summ       1%           100%        4
 Agony                    Necr           12%          100%        5
 Alistair's Intoxication  Tmut/Pois      0%           100%        5
 Bolt of Magma            Conj/Fire/Erth 0%           100%        5
 Excruciating Wounds      Necr           6%           100%        5
 Fireball                 Conj/Fire      0%           100%        5
 Irradiate                Conj/Tmut      0%           100%        5
 Iskenderun's Battlesphe  Conj           1%           100%        5
 Lightning Bolt           Conj/Air       0%           100%        5
 Metabolic Englaciation   Hex/Ice        0%           100%        5
 Silence                  Hex/Air        0%           100%        5
 Yara's Violent Unravell  Hex/Tmut       0%           100%        5
 Eringya's Noxious Bog    Tmut/Pois      0%           100%        6
 Iron Shot                Conj/Erth      0%           100%        6
 Orb of Destruction       Conj           0%           100%        7
 Spellforged Servitor     Conj/Summ      0%           100%        7
 Discord                  Hex            0%           100%        8
 Sublimation of Blood     Necr           Unusable     N/A         2

Dungeon Overview and Level Annotations

Branches:
Dungeon (15/15)            Temple (0/1) D:7            Lair (6/6) D:10
 Shoals (4/4) Lair:4        Snake (4/4) Lair:2        Slime (0/5) Lair:5
    Orc (2/2) D:9             Elf (0/3) Orc:2        Vaults (0/5) D:14
 Depths (5/5) D:15          IceCv (visited)         Volcano (visited)
    Zot: Depths:5

Altars:
Dithmenos
Elyvilon
Gozag
Okawaru
Qazlal
Vehumet
Yredelemnul
The Shining One
Jiyva
Lugonu

Shops:
D:4 *   D:8 ?   D:11 }   D:12 *   Orc:1 !   Orc:2 !}*[   Shoals:2 }
Shoals:3 ?   Snake:2 =}=}!=   Snake:4 (   Depths:1 [

Portals:
Hell: Depths:1 Depths:2 Depths:3 Depths:4 Depths:5
Abyss: Depths:1 Depths:3 Depths:4
Pandemonium: Orc:2 Depths:3
Ziggurat: Depths:5
Bazaar: D:14

Annotations:
D:3 Terence
D:9 exclusion: downstairs
Snake:2 2 transporters


Innate Abilities, Weirdness & Mutations

You thrive by killing the living.
You are immune to poison.
You have sharp fingernails.
Your flesh is cold resistant. (rC+)
You are immune to negative energy. (rN+++)
You do not regenerate when monsters are visible.
You are immune to unholy pain and torment.
You can survive without breathing.


Message History

The caustic shrike claws you.
* * * LOW HITPOINT WARNING * * *
You are splashed with acid!
* * * LOW HITPOINT WARNING * * *
The caustic shrike claws you.
* * * LOW HITPOINT WARNING * * *
The acid corrodes you!
You are splashed with acid!
* * * LOW HITPOINT WARNING * * *
You block the caustic shrike's attack.
Blink to where?
Press: ? - help, Dir - move target, p - caustic shrike
As you read the scroll of blinking, it crumbles to dust. 2 yaktaurs and a yaktaur captain come into view.
The yaktaur shouts! x2
A yaktaur comes into view.
The yaktaur wields a +0 arbalest.
The yaktaur shoots a bolt.
You reflect the bolt off your +0 kite shield of reflection!
The bolt hits the yaktaur!!
The yaktaur captain shoots a bolt.
The bolt hits you!
You die...

##..######.###..#
#..##...b....#..c...bb
#..#..b#####†#.....#b.
#.....#b...#....c#.c.#
#..#.#.#b#.#.#Hc...#..
#.)#.#.....#.#...... .
##)#)#.#.#.#.#..####
#..[)#....#....##
#..#.#####..@#
##.#........##
#.###.###.##
#.......... #........#
###.....## #..#.#.#
##.....# #..#.#.#


You could see 3 caustic shrikes, a yaktaur captain and 3 yaktaurs.

Vanquished Creatures
  A juggernaut (Depths:2)
  A caustic shrike (Depths:5)
  3 tentacled monstrosities
  A titan (Depths:2)
  A quicksilver dragon (Depths:3)
  2 liches
  3 sphinxes
  2 thorn hunters (Depths:4)
  The ghost of Betwout the Peltast, an adept MiFi of Okawaru (Shoals:1)
  A tengu reaver (Depths:3)
  3 storm dragons (Depths:2)
  Kirke (Snake:4)
  10 nagarajas
  16 fire giants
  10 frost giants
  A juggernaut zombie (Depths:1)
  The ghost of Uummannaq the Severer, a journeyman MiFi of Gozag (D:14)
  8 very ugly things
  A spriggan defender (Depths:2)
  11 stone giants
  7 vampire knights
  A deep elf demonologist (Depths:3)
  5 spark wasps
  4 merfolk javelineers
  5 ettins
  4 fire dragons
  15 merfolk impalers
  A deep elf high priest (Depths:2)
  5 great orbs of eyes
  3 yaktaur captains
  4 boulder beetles
  15 naga warriors
  4 rakshasas
  3 vault guards (D:14)
  4 ice dragons
  18 hydras
  3 alligator snapping turtles
  9 centaur warriors
  A spriggan air mage (Depths:5)
  3 merfolk avatars
  2 death knights (D:13)
  An alligator (Depths:4)
  11 deep troll shamans
  A catoblepas (Shoals:3)
  6 merfolk aquamancers
  2 satyrs (Shoals:4)
  19 two-headed ogres
  7 tengu warriors
  12 anacondas
  5 ogre magi
  8 deep troll earth magi
  4 vampire magi
  13 death yaks
  5 spriggan berserkers
  Urug (Lair:4)
  8 shock serpents
  17 naga sharpshooters
  6 orc high priests (Orc:2)
  3 iron trolls
  3 salamander mystics
  2 torturous demonspawn (Orc:2)
  A goliath frog (Depths:3)
  5 hell knights
  7 unseen horrors
  14 sea snakes
  An infernal demonspawn (Orc:2)
  4 swamp dragons
  A gelid demonspawn (Orc:2)
  A spark wasp zombie (Depths:4)
  26 deep trolls
  A flayed ghost (Depths:5)
  5 naga ritualists
  A glowing orange brain (shapeshifter) (Depths:3)
  A lindwurm (Lair:6)
  3 large abominations (Depths:1)
  A sphinx zombie (Depths:4)
  18 harpies
  2 phantasmal warriors
  9 necromancers
  8 orc knights
  A shadow dragon skeleton (Depths:4)
  8 mana vipers
  A shining eye (shapeshifter) (Depths:3)
  A deep elf mage (D:14)
  27 ugly things
  2 wolf spiders (Lair:6)
  13 cyclopes
  9 orc sorcerers (Orc:2)
  16 manticores
  8 fauns
  A cyclops (shapeshifter) (Depths:2)
  25 elephants
  37 black mambas
  4 centaur zombies
  5 water nymphs
  17 salamanders
  10 merfolk sirens
  A guardian serpent (shapeshifter) (D:13)
  3 rust devils
  A torpor snail (Lair:2)
  An iron dragon skeleton (Depths:4)
  6 guardian serpents
  2 ice statues (IceCv)
  28 naga magi
  A cane toad (shapeshifter) (Depths:4)
  4 centaur skeletons
  17 cane toads
  A gargoyle (D:11)
  A spriggan skeleton (Depths:1)
  A freezing wraith (D:13)
  12 komodo dragons
  A spark wasp simulacrum (Depths:1)
  A hellwing (Orc:2)
  11 ice devils
  6 tengu conjurers
  18 yaktaurs
  A queen bee (shapeshifter) (Depths:2)
  A golden dragon simulacrum (Depths:4)
  2 red devils
  5 polar bears
  3 wind drakes
  A wind drake (shapeshifter) (Depths:4)
  40 merfolk
  A queen bee (Lair:1)
  5 trolls
  28 slime creatures
  A harpy skeleton (D:14)
  8 hornets
  16 blink frogs
  A spriggan zombie (Depths:1)
  12 dream sheep
  9 snapping turtles
  A meliai zombie (D:14)
  2 redbacks (Lair:6)
  5 spriggans
  7 water elementals
  A redback (shapeshifter) (Depths:5)
  A ynoxinul (Orc:2)
  8 small abominations (Depths:1)
  3 wraiths (D:13)
  7 hogs (Snake:4)
  A vampire (D:13)
  13 wyverns
  19 humans (D:14)
  59 yaks
  9 vampire mosquitoes
  14 basilisks
  2 chaos spawn (Depths:1)
  2 steam dragons
  A soldier ant (D:11)
  42 nagas
  26 water moccasins
  A warg (D:8)
  2 hell hounds (Lair:3)
  A human skeleton (Depths:4)
  6 swamp worms (Depths:4)
  2 acid dragons (D:13)
  A floating eye (Depths:3)
  53 orc warriors
  A swamp drake (Depths:4)
  5 ice beasts
  8 black bears
  3 eyes of draining
  5 sky beasts
  A necrophage (D:8)
  A phantom (D:5)
  27 ogres
  4 boggarts (Depths:3)
  9 wolves
  23 centaurs
  A big kobold (D:12)
  30 bullfrogs
  A water moccasin zombie (D:7)
  4 scorpions
  3 wyvern skeletons
  3 wights (D:13)
  52 killer bees
  5 howler monkeys
  An electric eel (Snake:4)
  4 draconian simulacra (IceCv)
  A bullfrog zombie (D:13)
  2 quasits
  3 jellies
  14 orc wizards
  Crazy Yiuf (D:4)
  24 orc priests
  9 hounds
  4 bullfrog skeletons
  5 iguanas
  13 hell rats
  10 worker ants
  A troll simulacrum (IceCv)
  A spriggan simulacrum (IceCv)
  A centaur simulacrum (IceCv)
  2 hound zombies
  3 hound skeletons
  11 gnolls
  3 ogre simulacra (IceCv)
  17 adders
  3 shadow imps
  2 white imps
  2 ufetubi
  2 adder zombies
  3 worms
  A dart slug (D:3)
  2 leopard geckos
  85 orcs
  4 bats
  3 giant cockroaches
  2 gnoll zombies (D:9)
  6 goblins
  5 hobgoblins
  9 jackals
  2 quokkas
  2 ball pythons
  8 frilled lizards
  A jackal skeleton (D:4)
  9 kobolds
  A leopard gecko zombie (D:6)
  A quokka zombie (D:8)
  6 rats
  3 briar patches (Depths:4)
1639 creatures vanquished.

Vanquished Creatures (collateral kills)
  A caustic shrike (Depths:5)
  A water nymph (Shoals:4)
2 creatures vanquished.

Vanquished Creatures (others)
  A vampire knight (Depths:2)
  A naga warrior (Snake:4)
  An ogre mage (Depths:1)
  An unseen horror (D:13)
  2 naga magi
  A boggart (Depths:3)
  An orc (Orc:2)
  2 briar patches (Depths:4)
  A bush (Lair:6)
  79 fungi
  223 plants
  8 tentacles (Shoals:4)
  A withered plant (Shoals:3)
322 creatures vanquished.

Grand Total: 1963 creatures vanquished

Notes
Turn   | Place    | Note
-------+----------+-------------------------------------------
     0 | D:1      | ABBCCCDDDD the Ghoul Necromancer began the quest for the
                  | Orb.
     0 | D:1      | Reached XP level 1. HP: 14/14 MP: 2/2
   728 | D:1      | Reached XP level 2. HP: 22/22 MP: 0/3
  1163 | D:2      | Reached skill level 1 in Unarmed Combat
  1223 | D:2      | Reached skill level 1 in Fighting
  1223 | D:2      | Reached XP level 3. HP: 19/28 MP: 0/4
  2941 | D:3      | Reached XP level 4. HP: 29/36 MP: 1/5
  2957 | D:3      | Reached skill level 2 in Unarmed Combat
  3326 | D:3      | Found an opulent altar of Gozag.
  3420 | D:3      | Found an iron altar of Okawaru.
  3782 | D:3      | Noticed Terence
  3971 | D:3      | Reached XP level 5. HP: 20/42 MP: 1/6
  4637 | D:3      | Became a worshipper of Warmaster Okawaru
  4774 | D:3      | Reached skill level 3 in Unarmed Combat
  5088 | D:4      | Found a stormy altar of Qazlal.
  5090 | D:4      | Found a white marble altar of Elyvilon.
  5402 | D:4      | Reached XP level 6. HP: 48/51 MP: 7/7
  5431 | D:4      | Reached skill level 1 in Invocations
  5594 | D:4      | Found Eduetae's Serpentskin Sales.
  5595 | D:4      | Noticed a water moccasin
  5633 | D:5      | Entered Level 5 of the Dungeon
  6246 | D:4      | Found a runed translucent door.
  6247 | D:4      | Noticed Crazy Yiuf
  6260 | D:4      | Paralysed by Crazy Yiuf for 2 turns
  6265 | D:4      | HP: 2/52 [Crazy Yiuf/+4 quarterstaff of chaos (4)]
  6879 | D:5      | Noticed a sky beast
  6891 | D:5      | Killed a sky beast
  6891 | D:5      | Reached * piety under Okawaru
  6892 | D:5      | Reached skill level 1 in Shields
  6892 | D:5      | Reached skill level 4 in Unarmed Combat
  6976 | D:5      | Noticed an ice beast
  7006 | D:5      | Killed an ice beast
  7007 | D:5      | Reached XP level 7. HP: 35/60 MP: 4/8
  7986 | D:6      | Reached skill level 5 in Fighting
  8297 | D:4      | Reached skill level 5 in Unarmed Combat
  8297 | D:4      | Reached XP level 8. HP: 60/68 MP: 7/9
  8347 | D:4      | Killed Crazy Yiuf
  9350 | D:7      | Learned a level 2 spell: Blink
 10252 | D:7      | Reached ** piety under Okawaru
 10253 | D:7      | Reached skill level 6 in Unarmed Combat
 10271 | D:7      | HP: 3/71 [killer bee (1)]
 11380 | D:7      | Reached XP level 9. HP: 63/78 MP: 4/10
 11515 | D:7      | Found a staircase to the Ecumenical Temple.
 11748 | D:7      | Reached skill level 7 in Unarmed Combat
 11970 | D:8      | Reached skill level 5 in Shields
 11985 | D:8      | Found Xeabym's Magic Scroll Emporium.
 12024 | D:8      | Bought a scroll of identify for 22 gold pieces
 12024 | D:8      | Bought a scroll of magic mapping for 38 gold pieces
 12024 | D:8      | Bought a scroll of teleportation for 33 gold pieces
 12197 | D:8      | Found Lyka Izuu's Assorted Antiques.
 13008 | D:9      | Reached skill level 8 in Unarmed Combat
 13016 | D:9      | Reached *** piety under Okawaru
 13262 | D:8      | Reached XP level 10. HP: 87/90 MP: 9/11
 13865 | D:9      | Reached skill level 9 in Unarmed Combat
 13938 | D:9      | Reached **** piety under Okawaru
 13991 | D:9      | Found a staircase to the Orcish Mines.
 14123 | D:9      | Found a basalt altar of Yredelemnul.
 14386 | D:9      | Found an iron altar of Okawaru.
 14611 | Orc:1    | Entered Level 1 of the Orcish Mines
 14611 | Orc:1    | Found Zunar's Distillery.
 14689 | D:10     | Entered Level 10 of the Dungeon
 14689 | D:10     | Noticed a two-headed ogre
 15685 | D:9      | Reached skill level 10 in Fighting
 15696 | D:10     | Reached ***** piety under Okawaru
 15697 | D:10     | Reached skill level 10 in Unarmed Combat
 16000 | D:10     | Reached XP level 11. HP: 95/100 MP: 12/12
 16237 | D:10     | Killed a two-headed ogre
 16409 | D:10     | Found a staircase to the Lair.
 16981 | D:11     | Noticed an eight-headed hydra
 17478 | D:11     | Noticed a six-headed hydra
 17480 | D:11     | Noticed a red ugly thing
 17526 | D:11     | Reached skill level 11 in Unarmed Combat
 17960 | D:11     | Found Vockut's Gadget Shop.
 18008 | D:11     | Killed a red ugly thing
 18010 | D:11     | Noticed a manticore
 18170 | Lair:1   | Entered Level 1 of the Lair of Beasts
 18187 | D:10     | Received a gift from Okawaru
 18194 | D:10     | Got a masterwork crystal plate armour {god gift}
 18205 | D:10     | Identified the +3 crystal plate armour of Gallis Loi {rElec
                  | Str-2 Int-5 Dex+8} (Okawaru gifted it to you on level 10 of
                  | the Dungeon)
 18740 | Lair:1   | Noticed a four-headed hydra
 18815 | Lair:1   | Reached XP level 12. HP: 92/111 MP: 9/13
 19321 | Lair:1   | Killed a four-headed hydra
 19326 | Lair:1   | Reached skill level 12 in Unarmed Combat
 20477 | Lair:2   | Found a staircase to the Snake Pit.
 20512 | Lair:1   | Reached skill level 10 in Shields
 20555 | Lair:2   | Noticed a four-headed hydra
 20563 | Lair:2   | Killed a four-headed hydra
 21331 | Lair:2   | Received a gift from Okawaru
 21529 | Lair:2   | Reached skill level 5 in Invocations
 21666 | Lair:2   | Noticed a four-headed hydra
 21682 | Lair:2   | Killed a four-headed hydra
 21935 | Lair:2   | Noticed a six-headed hydra
 21945 | Lair:2   | Killed a six-headed hydra
 21946 | Lair:2   | Reached XP level 13. HP: 102/119 MP: 16/16
 22207 | Lair:2   | Received a gift from Okawaru
 22259 | Lair:3   | Reached skill level 13 in Unarmed Combat
 22515 | Lair:3   | Found a dark tunnel.
 22725 | Volcano  | Entered a volcano
 24762 | Lair:4   | Noticed Urug
 25144 | D:9      | Received a gift from Okawaru
 25380 | Orc:1    | Bought a potion of heal wounds for 60 gold pieces
 25476 | Orc:2    | Entered Level 2 of the Orcish Mines
 25654 | Orc:2    | Found a flickering gateway to a bazaar.
 25663 | Bazaar   | Entered a bazaar
 25743 | Bazaar   | Found Wuoc's Weapon Boutique.
 25743 | Bazaar   | Found Edijeuf's Jewellery Boutique.
 25772 | Bazaar   | Found Biepex's Magic Scroll Shop.
 25821 | Bazaar   | Found Kiunkan's Book Boutique.
 25878 | Bazaar   | Bought a scroll of enchant armour for 67 gold pieces
 25878 | Bazaar   | Bought a scroll of acquirement for 468 gold pieces
 25912 | Bazaar   | Bought a scroll of magic mapping for 31 gold pieces
 25912 | Bazaar   | Bought a scroll of teleportation for 27 gold pieces
 25912 | Bazaar   | Bought a scroll of teleportation for 27 gold pieces
 25912 | Bazaar   | Bought a scroll of remove curse for 27 gold pieces
 25912 | Bazaar   | Bought a scroll of identify for 18 gold pieces
 25912 | Bazaar   | Bought a scroll of identify for 18 gold pieces
 25934 | Orc:2    | Acquired the amulet "Lirurghu" {RegenMP Fragile rElec Dex+3
                  | Slay+4}
 26302 | Orc:2    | Found a staircase to the Elven Halls.
 28543 | Orc:2    | Reached XP level 14. HP: 97/130 MP: 19/19
 28893 | Orc:1    | Reached skill level 14 in Unarmed Combat
 29490 | Orc:2    | Found Quinomo's Distillery.
 29703 | Orc:2    | Found Nuamub's General Store.
 30134 | Orc:2    | Bought a potion of curing for 36 gold pieces
 30134 | Orc:2    | Bought a potion of cancellation for 96 gold pieces
 30136 | Orc:2    | Bought a potion of curing for 33 gold pieces
 30136 | Orc:2    | Bought a wand of acid (9) for 286 gold pieces
 30136 | Orc:2    | Bought a scroll of blinking for 82 gold pieces
 30136 | Orc:2    | Bought a +4 ring of protection for 396 gold pieces
 30462 | Orc:2    | Paralysed by an orc sorcerer for 7 turns
 30833 | Orc:2    | Found Turpheroa's Antique Armour Shop.
 30833 | Orc:2    | Found Liamn's Gadget Boutique.
 30845 | Orc:2    | Found a one-way gate leading to the halls of Pandemonium.
 31263 | D:11     | Received a gift from Okawaru
 31927 | D:12     | Found Vomucoic's Assorted Antiques.
 31959 | D:12     | Bought a scroll of teleportation for 93 gold pieces
 31959 | D:12     | Bought a scroll labelled QANARHANUON for 31 gold pieces
 31959 | D:12     | Bought a fizzy yellow potion for 27 gold pieces
 31959 | D:12     | Bought a fizzy yellow potion for 27 gold pieces
 32443 | D:12     | Acquired 733 gold pieces
 32446 | D:12     | Acquired the +0 pair of gloves "Zuworgh" {+Inv rCorr Int+3
                  | Dex-2}
 32447 | D:12     | Acquired 825 gold pieces
 32768 | Orc:2    | Bought a pair of encrusted boots for 313 gold pieces
 32768 | Orc:2    | Bought a dazzling scale mail for 297 gold pieces
 32768 | Orc:2    | Bought a warped chain mail for 313 gold pieces
 32768 | Orc:2    | Bought a dazzling chain mail for 313 gold pieces
 32784 | Orc:2    | Identified the +1 pair of boots of Ebbaonen {Rampage Will+}
                  | (You bought it in a shop on level 2 of the Orcish Mines)
 32795 | Orc:2    | Identified the +2 chain mail "Yxkixzosm" {Will- Int-5 SInv
                  | Stlth+} (You bought it in a shop on level 2 of the Orcish
                  | Mines)
 32805 | Orc:2    | Identified the +0 chain mail of Fortitude {*Contam rN++
                  | MP+9 SInv} (You bought it in a shop on level 2 of the
                  | Orcish Mines)
 32816 | Orc:2    | Identified the cursed +0 scale mail "Horoclug" {+Fly rC+
                  | rN+ Regen+} (You bought it in a shop on level 2 of the
                  | Orcish Mines)
 33639 | Lair:4   | Reached skill level 15 in Fighting
 33795 | Lair:4   | Reached skill level 15 in Unarmed Combat
 33795 | Lair:4   | Reached XP level 15. HP: 127/141 MP: 20/20
 33828 | Lair:4   | Received a gift from Okawaru
 34593 | Lair:4   | Killed Urug
 34647 | Lair:4   | Found a staircase to the Shoals.
 34792 | Lair:4   | Reached skill level 10 in Invocations
 35188 | Lair:5   | Received a gift from Okawaru
 35526 | Lair:5   | Found a viscous altar of Jiyva.
 35526 | Lair:5   | Found a staircase to the Slime Pits.
 36449 | Lair:6   | Entered Level 6 of the Lair of Beasts
 36644 | Lair:6   | Found a frozen archway.
 36667 | IceCv    | Entered an ice cave
 36796 | IceCv    | Received a gift from Okawaru
 37236 | Lair:6   | Reached skill level 16 in Unarmed Combat
 37295 | Lair:6   | Reached XP level 16. HP: 151/151 MP: 22/22
 37901 | Lair:6   | Reached ****** piety under Okawaru
 38470 | Snake:1  | Entered Level 1 of the Snake Pit
 38693 | Snake:1  | Reached skill level 1 in Armour
 38918 | Snake:1  | Received a gift from Okawaru
 38921 | Snake:1  | Got a shimmering helmet {god gift}
 38932 | Snake:1  | Identified the +0 helmet "Japuh" {rF- Int+4 Dex+3 Stlth+}
                  | (Okawaru gifted it to you on level 1 of the Snake Pit)
 39819 | Snake:2  | Reached skill level 5 in Dodging
 39937 | Snake:2  | Found a transporter.
 39944 | Snake:2  | Found Voeb's Jewellery Emporium.
 40034 | Snake:2  | Reached skill level 5 in Armour
 40045 | Snake:2  | Found Taangixt's Distillery.
 40052 | Snake:2  | Found Kaerit's Gadget Boutique.
 40232 | Snake:2  | Bought a potion of curing for 51 gold pieces
 40232 | Snake:2  | Bought a potion of heal wounds for 85 gold pieces
 40232 | Snake:2  | Bought a potion of haste for 170 gold pieces
 40254 | Snake:2  | Found a transporter.
 40319 | Snake:2  | Found Liulaom's Jewellery Shoppe.
 40320 | Snake:2  | Found Zoeth's Gadget Boutique.
 40321 | Snake:2  | Found Tob Weurr's Jewellery Shoppe.
 40630 | Snake:2  | Reached XP level 17. HP: 157/159 MP: 23/23
 41154 | Snake:3  | Received a gift from Okawaru
 42737 | Snake:4  | Entered Level 4 of the Snake Pit
 42907 | Snake:4  | Found Wakaded's Antique Weapon Shop.
 43712 | Snake:4  | Received a gift from Okawaru
 43868 | Snake:4  | Reached XP level 18. HP: 157/168 MP: 24/24
 43889 | Snake:4  | Reached skill level 10 in Dodging
 44003 | Snake:4  | Reached skill level 10 in Armour
 44074 | Snake:4  | Noticed Kirke
 44274 | Snake:4  | Killed Kirke
 44426 | Snake:4  | Got a serpentine rune of Zot
 44702 | Shoals:1 | Entered Level 1 of the Shoals
 44716 | Shoals:1 | Found the +3 robe of Clouds {+Thunder rCloud rElec}
 45064 | Shoals:1 | Reached skill level 1 in Evocations
 45352 | Shoals:2 | Received a gift from Okawaru
 45767 | Shoals:2 | Found Widast's Gadget Shop.
 46202 | Shoals:2 | Got a brightly glowing leather armour
 46203 | Shoals:2 | Identified the +0 leather armour of Happy Babbling {rF+
                  | rCorr Str+6} (You found it on level 2 of the Shoals)
 46340 | Shoals:1 | Found a runed translucent door.
 46412 | Shoals:1 | Noticed Betwout's ghost (adept MiFi)
 46605 | Shoals:1 | Killed Betwout's ghost
 46911 | Shoals:3 | Found Ono Giol's Magic Scroll Emporium.
 47238 | Shoals:3 | Bought a scroll of magic mapping for 42 gold pieces
 47238 | Shoals:3 | Bought a scroll of holy word for 90 gold pieces
 47238 | Shoals:3 | Bought a scroll of identify for 24 gold pieces
 47238 | Shoals:3 | Bought a scroll of identify for 24 gold pieces
 47238 | Shoals:3 | Bought a scroll of acquirement for 624 gold pieces
 47238 | Shoals:3 | Bought a scroll of acquirement for 624 gold pieces
 47238 | Shoals:3 | Acquired the +2 pair of boots "Ofaire" {Regen+ Str+2}
 47244 | Shoals:3 | Acquired a manual of Unarmed Combat
 47634 | Shoals:3 | Reached XP level 19. HP: 174/174 MP: 23/25
 47874 | Shoals:4 | Entered Level 4 of the Shoals
 47879 | Shoals:4 | Received a gift from Okawaru
 49771 | Shoals:4 | Reached skill level 5 in Evocations
 50368 | Shoals:4 | Received a gift from Okawaru
 50713 | Shoals:4 | Received a gift from Okawaru
 50714 | Shoals:4 | Reached skill level 15 in Shields
 51184 | Shoals:4 | Identified Xuriditu's Disquisition on Fire
 51218 | Shoals:4 | Got a barnacled rune of Zot
 51539 | Orc:1    | Bought a potion of heal wounds for 60 gold pieces
 51607 | Orc:2    | Bought a potion of heal wounds for 60 gold pieces
 52061 | D:13     | Reached skill level 17 in Unarmed Combat
 53030 | D:14     | Received a gift from Okawaru
 53034 | D:14     | Got a jewelled animal skin {god gift}
 53035 | D:14     | Identified the +1 animal skin of Coryfeif {Int+5} (Okawaru
                  | gifted it to you on level 14 of the Dungeon)
 53115 | D:14     | Found a shadowy altar of Dithmenos.
 53234 | D:14     | Found a gateway to a bazaar.
 53305 | D:14     | Reached XP level 20. HP: 158/182 MP: 26/26
 53404 | D:14     | Found a runed translucent door.
 53404 | D:14     | Noticed Uummannaq's ghost (journeyman MiFi)
 53696 | D:14     | Found a gate to the Vaults.
 53725 | D:14     | Reached skill level 18 in Unarmed Combat
 54078 | D:14     | Killed Uummannaq's ghost
 54138 | D:15     | Entered Level 15 of the Dungeon
 54138 | D:15     | Found a staircase to the Depths.
 55074 | Depths:1 | Entered Level 1 of the Depths
 55142 | Depths:1 | Found a gateway to Hell.
 55192 | Depths:1 | Reached skill level 19 in Unarmed Combat
 55197 | Depths:1 | Reached skill level 10 in Evocations
 55294 | Depths:1 | Received a gift from Okawaru
 56381 | Depths:1 | Reached skill level 20 in Unarmed Combat
 56411 | Depths:1 | Found Yroil's Armour Boutique.
 56715 | Depths:1 | Found a one-way gate to the infinite horrors of the Abyss.
 56754 | Depths:1 | Received a gift from Okawaru
 58880 | Depths:2 | Reached XP level 21. HP: 159/189 MP: 27/27
 60320 | Depths:2 | Reached skill level 21 in Unarmed Combat
 60353 | Depths:2 | Received a gift from Okawaru
 61016 | Depths:2 | You fall into a shaft and drop 2 floors!
 61697 | Depths:3 | Reached skill level 22 in Unarmed Combat
 62468 | Depths:2 | Got a heavily runed hat {god gift}
 62469 | Depths:2 | Identified the +0 hat of the Snail {Regen+ Dex+2} (Okawaru
                  | gifted it to you on level 2 of the Depths)
 63459 | Depths:2 | Reached XP level 22. HP: 180/201 MP: 28/28
 63679 | Depths:2 | Noticed a juggernaut
 63711 | Depths:2 | Killed a juggernaut
 64039 | Depths:2 | Received a gift from Okawaru
 64068 | Depths:2 | Got an encrusted plate armour {god gift}
 64069 | Depths:2 | Identified the +2 plate armour of Exclusion {Harm +Fly rF++
                  | Int+2} (Okawaru gifted it to you on level 2 of the Depths)
 64353 | Depths:3 | Paralysed by a floating eye for 4 turns
 64814 | Depths:3 | Found the +12 Vampire's Tooth {vamp}
 65111 | Depths:3 | Found a glowing golden altar of the Shining One.
 65174 | Depths:3 | Found a corrupted altar of Lugonu.
 65504 | Depths:4 | Paralysed by a sphinx for 7 turns
 65747 | Depths:4 | Got a vibrating ivory ring
 65749 | Depths:4 | Identified the ring "Paomeo" {Ice Str+3} (You found it on
                  | level 4 of the Depths)
 65751 | Depths:4 | Got a faintly glowing turquoise ring
 65752 | Depths:4 | Identified the ring "Unlatat" {Fire Slay+3} (You found it
                  | on level 4 of the Depths)
 66254 | Depths:5 | Entered Level 5 of the Depths
 66350 | Depths:4 | Received a gift from Okawaru
 67060 | Depths:5 | Found a gateway to a ziggurat.
 67074 | Depths:5 | Found a radiant altar of Vehumet.
 67074 | Depths:5 | Found a glowing golden altar of the Shining One.
 67162 | Depths:5 | Reached XP level 23. HP: 213/220 MP: 29/29
 67192 | Depths:5 | Noticed a caustic shrike
 67192 | Depths:5 | Noticed a caustic shrike
 67192 | Depths:5 | Noticed a caustic shrike
 67193 | Depths:5 | Noticed a caustic shrike
 67217 | Depths:5 | Killed a caustic shrike
 67227 | Depths:5 | Noticed a caustic shrike
 67233 | Depths:5 | Killed a caustic shrike
 67240 | Depths:5 | Shot with a bolt by a yaktaur captain

Illustrated notes

Levels and vault maps discovered:
D:1:      elethiomel_arrival_shortcut, layout_basic
D:2:      layout_loops_cross
D:3:      layout_rooms, lemuel_coloured_pillars_altar,
          okawaru_altar_gauntlet_db, uniq_terence
D:4:      layout_layer_cave, chequers_temple_overflow_statue_of_worship,
          dk_noncrumbling_2, guppyfry_shop_venom, uniq_crazy_yiuf_cottage
D:5:      layout_loops_corners, minmay_misc_feat_iff, kennysheep_generic_room_9
D:6:      layout_loops_ring
D:7:      layout_basic, minmay_temple_entry_enclosed_plants
D:8:      layout_basic, serial_shops, shop_fountains, nicolae_shop_crystal
D:9:      layout_roguey, lemuel_zombie_altar_yredelemnul, david_orc_3,
          lemuel_centaur_altar
D:10:     layout_loops_ring, due_lair_maze_entry_diamond, minmay_misc_feat_room
D:11:     layout_basic, serial_shops, nicolae_shop_trees
D:12:     layout_basic, serial_shops, shop, serial_corexii_hall,
          chequers_hall_statues_y, corexii_hall_statues_x
D:13:     layout_loops_ring, minmay_misc_feat_tower, minivault_28
D:14:     layout_rooms, grunt_vaults_entry_tiered, serial_shops,
          bzr_entry_customers, gammafunk_ghost_grave, hangedman_decor_riveting,
          nicolae_dithmenos_the_darkroom
D:15:     grunt_enter_depths_giant_problem, layout_loops_ring,
          chequers_serial_rivers_small_3, nicolae_wwwww, st_stairs_10,
          nrook_uturn, minivault_10
Lair:1:   layout_gridlike, special_room [special_room_bee], minivault_25
Lair:2:   nzn_winding_woodlands_large [nzn_winding_woodlands_5x5_perimeter,
          nzn_winding_woodlands_5x15_pockets,
          nzn_winding_woodlands_5x5_closed_star,
          nzn_winding_woodlands_center_triple_pond,
          nzn_winding_woodlands_15x15_five_gardens,
          nzn_winding_woodlands_center_lodge, nzn_winding_woodlands_5x5_default,
          nzn_winding_woodlands_5x15_twine,
          nzn_winding_woodlands_5x5_open_star], layout_hall_layers,
          dummy_snake_entry
Lair:3:   layout_regular_city, enter_volcano_3, kennysheep_basilisk_garden
Lair:4:   layout_big_grid, minmay_shoals_entry_beasts, beast_lair_carwin_5,
          uniq_urug
Lair:5:   layout_roguey, slime_altar_1, wad_woods_river_04
Lair:6:   hangedman_lair_tendril_chambers, layout_concentric_octagons,
          portal_ice_cave_demonic_guard, guppyfry_lair_drakes
Shoals:1: layout_shoals, ebering_ghost_reflecting_pool
Shoals:2: layout_shoals, serial_shops, shop_fountains, st_shoals_ruin
Shoals:3: layout_shoals, serial_shops,
          nicolae_shop_temple_entry_statues_fountains, argonaut_gorgonesque
Shoals:4: shoals_end_grunt_ice, layout_shoals,
          nicolae_shoals_kraken_intersection
Snake:1:  layout_onion, nicolae_snake_double_loop,
          nrook_guardian_serpent_ordinary
Snake:2:  gammafunk_its_a_trap, layout_gridlike, serial_shops, shop,
          nicolae_shop_window_shopping, shop, minmay_shop_grove
Snake:3:  layout_grid_maze, nicolae_coiled_stairwell_up, serial_bayou_shore_b,
          grunt_megastairs_3
Snake:4:  snake_pit, layout_basic, serial_shops, nicolae_shop_behind_doors,
          serial_bayou_lagoon_b, uniq_kirke
Orc:1:    layout_caves, serial_shops, nicolae_shop_competitors_out_of_business,
          special_room [special_room_orc]
Orc:2:    pf_orc_diabolical, layout_diamond_mine, serial_shops, bzr_in_the_mist,
          library_closet
Depths:1: layout_cave_shapes, glass_columns_a, serial_shops,
          kennysheep_mini_moat, hangedman_geh_valley, minmay_room_of_horrors,
          grunt_decor_clamped, hangedman_corner_corridor, serial_bayou_shore_b
Depths:2: minmay_central_circle, layout_cave_pools, grunt_metal_band,
          chequers_serial_rivers_small_3, wad_mini_maze
Depths:3: minmay_the_grid_octo_2x2 [minmay_the_grid_octo_vomiting_pacman,
          minmay_the_grid_octo_thin_diamonds, minmay_the_grid_octo_pinwheel,
          minmay_the_grid_octo_prize_single_spiral], layout_twisted_cross,
          abyss_entry_flame_altar, pan_entry, hell_entry, lemuel_crystal_altar,
          minmay_guarded_unrand_vampires_tooth
Depths:4: onia_ninara_swampy_vault, layout_honeycomb, abyss_entry_glasseish,
          minmay_fountain_box, grunt_hell_entry_dis_old
Depths:5: hangedman_slaughterboxes, hell_entry, uniq_jory

Skill      XL: |  1  2  3  4  5  6  7  8  9 10 11 12 13 14 15 16 17 18 19 20 21 22 |
---------------+-------------------------------------------------------------------+-----
Unarmed Combat | 1 2 3 4 5 6 8 10 11 12 13 15 16 17 20 22 | 22.2
Fighting       | 1 2 3 4 5 6 8 10 11 12 13 15 16 17 21 | 21.3
Stealth        | 3 4 |  4.0
Invocations    | 1 2 5 8 9 10 | 10.0
Shields        | 1 2 4 6 7 9 10 11 12 13 14 15 | 15.0
Dodging        | 6 9 11 12 | 12.0
Armour         | 5 9 11 12 | 12.0
Evocations     | 3 8 11 12 | 12.0
Spellcasting   | |  1.7
Necromancy     | |  4.2

Action                   |  1- 3 |  4- 6 |  7- 9 | 10-12 | 13-15 | 16-18 | 19-21 | 22-24 || total
-------------------------+-------+-------+-------+-------+-------+-------+-------+-------++-------
Melee: Unarmed           |    15 |   269 |   438 |  1001 |  1725 |  1818 |  2236 |   511 ||  8013
       Club              |    61 |       |       |       |       |       |       |       ||    61
       Hand axe          |    45 |    40 |       |       |       |       |       |       ||    85
       Punch             |       |     3 |     3 |       |       |       |       |       ||     6
Throw: Dart              |       |       |    22 |     5 |    13 |     2 |     5 |       ||    47
       Throwing net      |       |       |     2 |       |       |       |       |       ||     2
       Javelin           |       |       |       |       |       |       |     6 |       ||     6
 Cast: Pain              |    44 |    50 |     7 |       |       |       |       |       ||   101
Invok: Heroism           |       |       |     4 |    26 |    58 |    42 |    35 |    10 ||   175
       Finesse           |       |       |       |       |       |     1 |     2 |     2 ||     5
 Abil: Evoke Thunderclou |       |       |       |       |       |       |     1 |       ||     1
Evoke: Wand              |       |       |       |       |     1 |     3 |     6 |       ||    10
       Lightning rod     |       |       |       |       |       |     4 |     4 |     3 ||    11
       Phantom mirror    |       |       |       |       |       |       |     1 |     1 ||     2
       Box of beasts     |       |       |       |       |       |       |     1 |     1 ||     2
       Phial of floods   |       |       |       |       |       |       |     1 |       ||     1
  Use: Scroll            |       |       |     8 |     5 |    18 |    11 |     6 |     5 ||    53
       Potion            |       |       |     1 |       |     3 |     1 |     2 |       ||     7
 Stab: Sleeping          |     1 |     1 |     1 |     4 |     4 |     1 |     8 |       ||    20
       Distracted        |       |       |       |       |     1 |       |     3 |     1 ||     5
Armor: Robe              |     1 |       |       |       |       |    49 |   281 |     1 ||   332
       Ring mail         |    43 |   137 |       |       |       |       |       |       ||   180
       Scale mail        |       |     9 |   175 |       |   129 |   189 |       |       ||   502
       Steam dragon scal |       |       |    11 |   255 |   133 |       |       |       ||   399
       Plate armour      |       |       |       |       |       |       |       |   146 ||   146
       Storm dragon scal |       |       |       |       |       |       |       |    10 ||    10
Dodge: Dodged            |    74 |   159 |   201 |   300 |   338 |   597 |   985 |   141 ||  2795
       Repelled          |       |       |       |       |     2 |    51 |    13 |     3 ||    69
Block: Tower shield      |       |    17 |    36 |   898 |  1249 |  1544 |    18 |       ||  3762
       Kite shield       |       |       |       |       |       |       |  1026 |   226 ||  1252
       Reflection        |       |       |       |       |       |       |    68 |    11 ||    79
